 Dungeon Crawl Stone Soup version 0.28.0-47-ge53b351184 (webtiles) character file.

Game seed: 16373553112411515737

41675 Zeld the Severer (level 13, -12/126 HPs)
             Began as a Minotaur Berserker on Apr 27, 2022.
             Was a High Priest of Trog.
             Mangled by Urug
             ... wielding a +4 battleaxe
              (39 damage)
             ... on level 2 of the Orcish Mines.
             The game lasted 00:17:53 (17548 turns).

Zeld the Severer (Minotaur Berserker)              Turns: 17548, Time: 00:17:53

Health: -12/126    AC: 26    Str: 29    XL:     13   Next: 81%
Magic:  12/12      EV: 13    Int:  4    God:    Trog [*****.]
Gold:   701        SH:  0    Dex:  8    Spells: 12/12 levels left

rFire   + . .      SeeInvis .   a - +4 battleaxe "Guynkue" {venom, rPois Str+2}
rCold   + . .      Faith    .   (shield currently unavailable)
rNeg    . . .      Spirit   .   v - +7 Kryia's mail coat {PotionHeal*2 rC+}
rPois   +          Reflect  .   o - +2 hat
rElec   .          Harm     .   s - +0 cloak of Sif Muna's Supremacy {rF+ Regen+ Dex-2}
rCorr   .          Rampage  .   r - +2 pair of gloves
Will    .....                   g - +2 pair of boots
Stlth   ++........              (no amulet)
HPRegen 1.11/turn               (no ring)
MPRegen 0.13/turn               (no ring)

@: no status effects
A: horns 2, retaliatory headbutt
a: Renounce Religion, Berserk, Trog's Hand, Brothers in Arms


You were on level 2 of the Orcish Mines.
You worshipped Trog.
Trog was extremely pleased with you.
You visited 3 branches of the dungeon, and saw 16 of its levels.

You collected 1522 gold pieces.
You spent 821 gold pieces at shops.

Inventory:

Hand Weapons
 a - the +4 battleaxe "Guynkue" (weapon) {venom, rPois Str+2}
   (You found it on level 4 of the Dungeon)

   It poisons the flesh of those it strikes.
   Str:       It affects your strength (+2).
   rPois:     It protects you from poison.
 b - a +7 battleaxe of flaming
Armour
 g - a +2 pair of boots (worn)
 o - a +2 hat (worn)
 r - a +2 pair of gloves (worn)
 s - the +0 cloak of Sif Muna's Supremacy (worn) {rF+ Regen+ Dex-2}
   (You found it on level 2 of the Dungeon)

   Dex:       It affects your dexterity (-2).
   rF:        It protects you from fire.
   Regen:     It increases your rate of health regeneration.
 v - the +7 Kryia's mail coat (worn) {PotionHeal*2 rC+}
   (You found it on level 5 of the Dungeon)

   Potions are twice as effective at healing its wearer.
   rC:        It protects you from cold.
Wands
 j - a wand of flame (8)
 k - a wand of acid (16)
 x - a wand of iceblast (16)
 E - a wand of digging (21)
Scrolls
 d - 5 scrolls of teleportation
 i - a scroll of silence
 q - a scroll of enchant armour
 C - a scroll of magic mapping
 H - 2 scrolls of fear
Potions
 c - a potion of magic
 f - 5 potions of heal wounds
 h - a potion of ambrosia {unknown}
 l - 4 potions of flight
 m - 8 potions of lignification {unknown}
 n - 2 potions of cancellation
 p - 2 potions of attraction {unknown}
 u - a potion of resistance {unknown}
 w - 3 potions of invisibility
 z - 2 potions of brilliance {unknown}
 A - 5 potions of mutation {unknown}
 B - 2 potions of haste {unknown}
 D - 5 potions of curing
 F - 2 potions of degeneration {unknown}
 I - 4 potions of might


   Skills:
 - Level 15.0 Fighting
 * Level 16.1 Axes
 + Level 11.6 Armour
 + Level 10.7 Dodging
 + Level 8.7 Stealth


You had 12 spell levels left.
You didn't know any spells.
Your spell library was empty.

Dungeon Overview and Level Annotations

Branches:
Dungeon (13/15)            Temple (1/1) D:4            Lair (0/6) D:10
    Orc (2/2) D:11
    Elf: Orc:2       Vaults: D:13-14

Altars:
Ashenzari
Cheibriados
Dithmenos
Elyvilon
Fedhas
Gozag
Hepliaklqana
Kikubaaqudgha
Makhleb
Nemelex Xobeh
Okawaru
Qazlal
Ru
Sif Muna
Trog
Uskayaw
Vehumet
Wu Jian
Xom
Yredelemnul
Zin
The Shining One
Beogh

Shops:
D:5 *   Orc:1 *!

Annotations:
Orc:2 Urug


Innate Abilities, Weirdness & Mutations

You have a pair of horns on your head.
You reflexively headbutt those who attack you in melee.


Message History

The boomerang hits you but does no damage.
The ogre closely misses you. You furiously retaliate!
You headbutt the ogre!
Urug grins evilly.
Urug hits you with a +4 battleaxe!
You closely miss the ogre. You headbutt the ogre!
You kill the ogre!
Trog accepts your kill.
You slash Urug!
Urug is poisoned.
The orc throws a boomerang.
The boomerang hits you. Urug hits you but does no damage.
Unknown command.
You barely miss Urug. Your headbutt misses Urug.
Urug is moderately wounded.
You closely miss the orc.
Urug drinks a potion.
Urug goes berserk!
The orc closely misses you.
Unknown command.
You hit Urug but do no damage.
Urug looks as sick as possible!
Urug is moderately wounded.
You barely miss the orc. Urug hits you but does no damage.
The orc hits you but does no damage.
Unknown command.
You hit Urug.
Urug looks as sick as possible!
Urug is moderately wounded.
You closely miss the orc. Urug hits you with a +4 battleaxe!!
Unknown command.
You closely miss Urug.
Urug is moderately wounded.
You hit the orc.
The orc is poisoned.
Urug completely misses you. Urug hits you with a +4 battleaxe!
Unknown command.
You barely miss the orc.
The orc is heavily wounded.
You barely miss Urug. The orc barely misses you.
Urug hits you with a +4 battleaxe!!!
* * * LOW HITPOINT WARNING * * *
You hear a howl!
Unknown command.
Okay, then.
A warg comes into view.
Urug hits you with a +4 battleaxe!!!
You die...

##+## #8.8# #### #
####..)#####..## ..
#####..............##..#
##.....................#
.........).............#
.....##.........ooo...#
...###..........@#.......
.###.......)......##.....
##........)).......# #...
........).........# ..
........#.))#........# #
.......##...##........#
....####..)).####h......
....# #.......# .$.....
.....#.........#


You could see Urug (berserk, extremely poisoned), a warg and 2 orcs.

Vanquished Creatures
  Jorgrun (Orc:1)
  Donald (Orc:1)
  An orc warlord (D:11)
  2 hydras
  The ghost of AlmostDecent the Basher, a journeyman DgFi (D:12)
  Harold (D:8)
  2 boulder beetles
  3 centaur warriors
  2 death knights (D:12)
  4 two-headed ogres
  Nergalle (D:12)
  3 skeletal warriors (D:12)
  A deep elf archer (D:12)
  Pikel (D:9)
  3 orc knights
  A wizard (D:13)
  A wolf spider (D:12)
  2 ugly things (D:11)
  4 centaur zombies
  4 manticores (D:12)
  Maurice (Orc:1)
  6 cyclopes
  A gargoyle (D:12)
  A cane toad (shapeshifter) (D:11)
  2 unseen horrors
  A freezing wraith (D:12)
  Psyche (D:12)
  2 komodo dragons
  A tengu conjurer (D:12)
  11 trolls
  A hornet (shapeshifter) (D:13)
  3 slime creatures
  Grinder (D:5)
  2 shadows
  2 wraiths (D:12)
  24 yaks
  A basilisk (D:11)
  Menkaure (D:5)
  5 wargs (Orc:1)
  4 water moccasins
  An acid dragon (D:9)
  Duvessa (D:5)
  21 orc warriors
  A sky beast (D:7)
  5 black bears
  2 necrophages
  6 ogres
  10 centaurs
  4 lemures (D:9)
  The ghost of KittyFluff the Skirmisher, an amateur GrBe of Trog (D:4)
  2 kobold brigands
  4 gnoll sergeants
  7 bullfrogs
  A scorpion (D:7)
  2 wyvern skeletons (D:6)
  Dowan (D:5)
  A water moccasin skeleton (D:6)
  9 killer bees
  4 howler monkeys
  An electric eel (D:10)
  A bullfrog zombie (D:5)
  Crazy Yiuf (D:5)
  15 orc priests
  3 hounds
  A centaur skeleton (D:7)
  10 iguanas
  Jessica (D:3)
  A gnoll shaman (D:5)
  17 orc wizards
  Terence (D:3)
  A hound skeleton (D:4)
  Robin (D:3)
  23 gnolls
  4 adders
  A shadow imp (D:7)
  3 white imps
  3 worms
  4 dart slugs
  85 orcs
  7 endoplasms
  4 giant cockroaches
  15 goblins
  9 hobgoblins
  4 jackals
  15 kobolds
  3 quokkas
  9 ball pythons
  5 bats
  7 frilled lizards
  7 rats
455 creatures vanquished.

Vanquished Creatures (others)
  30 fungi (D:10)
  48 plants
78 creatures vanquished.

Grand Total: 533 creatures vanquished

Notes
Turn   | Place    | Note
-------+----------+-------------------------------------------
     0 | D:1      | Zeld the Minotaur Berserker began the quest for the Orb.
     0 | D:1      | Reached XP level 1. HP: 19/19 MP: 0/0
    94 | D:1      | Reached XP level 2. HP: 27/27 MP: 1/1
   273 | D:1      | Reached skill level 4 in Axes
   690 | D:2      | Reached XP level 3. HP: 33/33 MP: 2/2
   808 | D:2      | Reached ** piety under Trog
   963 | D:2      | Found a basalt altar of Yredelemnul.
  1016 | D:2      | Identified the +0 cloak of Sif Muna's Supremacy {rF+ Regen+
                  | Dex-2}
  1078 | D:2      | Found a faded altar of an unknown god.
  1732 | D:2      | Reached XP level 4. HP: 41/41 MP: 3/3
  2088 | D:3      | Noticed Jessica
  2094 | D:3      | Killed Jessica
  2095 | D:3      | Reached skill level 1 in Stealth
  2607 | D:3      | Found a blossoming altar of Fedhas.
  2617 | D:3      | Noticed Robin
  2626 | D:3      | Identified the +5 dagger of Kyk Jae {flame, rPois}
  2878 | D:3      | Killed Robin
  2879 | D:3      | Reached skill level 5 in Axes
  2990 | D:3      | Found a stormy altar of Qazlal.
  3083 | D:3      | Reached XP level 5. HP: 47/47 MP: 4/4
  3241 | D:3      | Noticed Terence
  3253 | D:3      | Killed Terence
  3522 | D:3      | Found an opulent altar of Gozag.
  3985 | D:4      | Reached *** piety under Trog
  4058 | D:4      | Found a runed translucent door.
  4062 | D:4      | Noticed KittyFluff's ghost (amateur GrBe)
  4065 | D:4      | Reached skill level 5 in Fighting
  4065 | D:4      | Found a staircase to the Ecumenical Temple.
  4211 | D:4      | Reached XP level 6. HP: 56/56 MP: 5/5
  4282 | Temple   | Entered the Ecumenical Temple
  5450 | D:4      | Killed KittyFluff's ghost
  5451 | D:4      | Reached skill level 6 in Axes
  5451 | D:4      | Reached XP level 7. HP: 23/62 MP: 6/6
  5492 | D:4      | Identified the +4 battleaxe "Guynkue" {venom, rPois Str+2}
  5676 | D:5      | Entered Level 5 of the Dungeon
  5679 | D:5      | Noticed Menkaure
  5682 | D:5      | Found Vitas's Assorted Antiques.
  5685 | D:5      | Killed Menkaure
  5870 | D:5      | Bought a scroll labelled JENI NUKHI for 19 gold pieces
  5870 | D:5      | Bought 2 scrolls labelled JENI NUKHI for 38 gold pieces
  5870 | D:5      | Bought a scroll labelled DIUKKI JOIS for 19 gold pieces
  5892 | D:5      | Noticed Duvessa
  5892 | D:5      | Noticed Dowan
  5901 | D:5      | Killed Duvessa
  5901 | D:5      | Killed Dowan
  5905 | D:4      | Reached skill level 7 in Axes
  6062 | D:5      | Reached XP level 8. HP: 64/73 MP: 7/7
  6090 | D:5      | Reached skill level 5 in Armour
  6918 | D:5      | Reached **** piety under Trog
  6927 | D:5      | Found the +7 Kryia's mail coat {PotionHeal*2 rC+}
  6948 | D:5      | Noticed Grinder
  6951 | D:5      | Paralysed by Grinder for 3 turns
  6957 | D:5      | Killed Grinder
  7020 | D:5      | Found a runed translucent door.
  7021 | D:5      | Noticed Crazy Yiuf
  7027 | D:5      | Killed Crazy Yiuf
  7028 | D:5      | Reached skill level 8 in Axes
  7156 | D:5      | Reached skill level 5 in Dodging
  7458 | D:5      | Found a hazy altar of Hepliaklqana.
  7494 | D:6      | Reached XP level 9. HP: 78/82 MP: 8/8
  7520 | D:6      | Found an ancient bone altar of Kikubaaqudgha.
  7526 | D:6      | Found a glowing golden altar of the Shining One.
  7526 | D:6      | Found a bloodstained altar of Trog.
  7684 | D:6      | Reached skill level 9 in Axes
  8162 | D:7      | You fall into a shaft and drop 2 floors!
  8359 | D:7      | Noticed a troll
  8369 | D:7      | Killed a troll
  8369 | D:7      | Reached ***** piety under Trog
  8429 | D:7      | Reached skill level 10 in Axes
  8482 | D:7      | Reached XP level 10. HP: 93/93 MP: 9/9
  9049 | D:7      | Reached skill level 10 in Fighting
  9192 | D:8      | Found a glowing silver altar of Zin.
  9241 | D:8      | Identified the +5 scale mail of Qaojelif {Rampage rPois
                  | Str+6 Int-4}
  9350 | D:8      | Found a sparkling altar of Nemelex Xobeh.
  9445 | D:8      | Found a broken altar of Ashenzari.
  9600 | D:8      | Found an ornate altar of the Wu Jian Council.
  9645 | D:8      | Noticed Harold
  9658 | D:8      | Killed Harold
  9659 | D:8      | Reached skill level 5 in Stealth
  9679 | D:9      | Identified the +8 short sword of a sewer {drain, Int+6}
  9822 | D:9      | Noticed a centaur warrior
  9826 | D:9      | Killed a centaur warrior
  9941 | D:9      | Noticed Pikel
  9950 | D:9      | Killed Pikel
  9951 | D:9      | Reached skill level 11 in Axes
 10136 | D:9      | Noticed a two-headed ogre
 10140 | D:9      | Killed a two-headed ogre
 10356 | D:10     | Entered Level 10 of the Dungeon
 10374 | D:10     | Reached XP level 11. HP: 79/102 MP: 10/10
 10628 | D:10     | Found a staircase to the Lair.
 10851 | D:10     | Reached skill level 12 in Axes
 11092 | D:11     | Noticed a brown ugly thing
 11102 | D:11     | Killed a brown ugly thing
 11140 | D:11     | Received a gift from Trog
 11487 | D:11     | Noticed a two-headed ogre
 11592 | D:11     | Killed a two-headed ogre
 11685 | D:11     | Found a staircase to the Orcish Mines.
 11685 | D:11     | Noticed a boulder beetle
 11686 | D:11     | Noticed an orc knight
 11708 | D:11     | Killed an orc knight
 12000 | D:11     | Killed a boulder beetle
 12001 | D:11     | Reached skill level 13 in Axes
 12259 | D:12     | Found a runed translucent door.
 12259 | D:12     | Noticed AlmostDecent's ghost (journeyman DgFi)
 12264 | D:12     | Reached XP level 12. HP: 82/115 MP: 11/11
 12511 | D:12     | Noticed Psyche
 12660 | D:12     | Found a sacrificial altar of Ru.
 12726 | D:12     | Noticed a seven-headed hydra
 12733 | D:12     | Killed a four-headed hydra
 13133 | D:12     | Noticed a centaur warrior
 13147 | D:12     | Killed Psyche
 13641 | D:12     | Identified the +8 chain mail "Forget-Me-Not" {*Slow Fly
                  | rPois}
 13873 | D:12     | Reached skill level 10 in Armour
 13963 | D:12     | Reached skill level 14 in Axes
 14057 | D:12     | Noticed a death knight
 14074 | D:12     | Noticed Nergalle
 14079 | D:12     | Noticed a boulder beetle
 14233 | D:13     | Killed a boulder beetle
 14233 | D:13     | Reached ****** piety under Trog
 14294 | D:12     | Killed Nergalle
 14300 | D:12     | Killed a death knight
 14380 | D:12     | Received a gift from Trog
 14429 | D:12     | Killed a centaur warrior
 14483 | D:12     | Reached XP level 13. HP: 78/125 MP: 12/12
 14536 | D:12     | Found a glowing silver altar of Zin.
 15286 | D:12     | Killed AlmostDecent's ghost
 15341 | D:13     | Reached skill level 15 in Axes
 15367 | D:13     | Reached skill level 15 in Fighting
 15367 | D:13     | Reached skill level 10 in Dodging
 15622 | Orc:1    | Entered Level 1 of the Orcish Mines
 15622 | Orc:1    | Noticed an orc warlord
 15636 | D:11     | Killed an orc warlord
 15816 | Orc:1    | Noticed Maurice
 15826 | Orc:1    | Killed Maurice
 16065 | Orc:1    | Found Vionooc's Distillery.
 16085 | Orc:1    | Bought 2 potions of curing for 108 gold pieces
 16085 | Orc:1    | Bought a potion of heal wounds for 90 gold pieces
 16085 | Orc:1    | Bought a potion of heal wounds for 90 gold pieces
 16085 | Orc:1    | Bought a potion of flight for 54 gold pieces
 16085 | Orc:1    | Bought a potion of might for 72 gold pieces
 16129 | Orc:1    | Found Merihohuve's General Store.
 16135 | Orc:1    | Bought a scroll of identify for 26 gold pieces
 16135 | Orc:1    | Bought a potion of invisibility for 104 gold pieces
 16135 | Orc:1    | Bought a scroll of enchant armour for 97 gold pieces
 16135 | Orc:1    | Bought a potion of cancellation for 104 gold pieces
 16359 | Orc:2    | Entered Level 2 of the Orcish Mines
 16373 | Orc:2    | Noticed Jorgrun
 16374 | Orc:2    | Noticed Donald
 16717 | Orc:1    | Found Merihohuve's General Store.
 16765 | Orc:1    | Found Vionooc's Distillery.
 16847 | Orc:1    | Killed Donald
 17152 | Orc:1    | Killed Jorgrun
 17153 | Orc:1    | Reached skill level 16 in Axes
 17430 | Orc:2    | Received a gift from Trog
 17535 | Orc:2    | Noticed Urug
 17548 | Orc:2    | Mangled by Urug

Illustrated notes

Levels and vault maps discovered:
D:1:      dpeg_chamrin_arrival_tetris, layout_rooms, minmay_misc_feat_alley
D:2:      layout_basic, basic_altar, nicolae_ecumenical_lake_church,
          kennysheep_decorative_pillar, minmay_lizard_pond
D:3:      layout_basic, fedhas_altar_3, nicolae_qazlal_eye_of_the_storm,
          general_overflow_altar, uniq_robin, uniq_jessica, uniq_terence
D:4:      layout_basic, minmay_temple_entry_gardened_gates,
          ebering_ghost_sewer_d
D:5:      layout_loops_ring, mainiacjoe_overflow_alcove_4, serial_shops,
          nicolae_stop_n_shop_2, uniq_duvessa, uniq_crazy_yiuf_cottage,
          uniq_menkaure, uniq_grinder
D:6:      layout_loops_ring, nicolae_overflow_hidden_temple,
          jmf_multi_god_temple
D:7:      layout_loops_ring
D:8:      layout_cave_pools, nicolae_ashenzari_panopticon, zin_statuary,
          nemelex_diamond_rough_becter, nicolae_wu_jian_glorious_leap,
          uniq_harold
D:9:      layout_roguey, uniq_pikel
D:10:     layout_cave_pools, due_lair_maze_entry_diamond, serial_bayou_pond_b,
          minivault_23
D:11:     layout_basic, david_orc_5, david_defended_altar_orc
D:12:     minmay_the_grid_octo_tiled_octocenter_mashed
          [minmay_the_grid_octo_vomiting_pacman, minmay_the_grid_octo_horde,
          minmay_the_grid_octo_toaster, minmay_the_grid_octo_checkered,
          minmay_the_grid_octo_prize_big_c, minmay_the_grid_square_5x5_slash,
          minmay_the_grid_square_5x5_minibox,
          minmay_the_grid_square_5x5_three_walls,
          minmay_the_grid_square_5x5_half_checkered], layout_grid_maze,
          gammafunk_ghost_grave, minivault_5,
          nicolae_ru_great_annihilating_truth, uniq_psyche, uniq_nergalle
D:13:     layout_rooms, grunt_vaults_entry_fortified
Temple:   minmay_temple_curvy_loop
Orc:1:    cheibrodos_orc_guarddog, layout_caves, serial_shops, shop,
          nicolae_shop_hallway_plus, uniq_maurice
Orc:2:    pubby_orc_utopia, uniq_urug, uniq_jorgrun, uniq_donald

Skill      XL: |  1  2  3  4  5  6  7  8  9 10 11 12 13 |
---------------+----------------------------------------+-----
Axes           | 4 5 6 7 8 10 11 13 14 16 | 16.1
Fighting       | 4 5 7 8 9 11 13 14 15 | 15.0
Armour         | 3 4 5 6 8 9 10 11 | 11.6
Stealth        | 1 2 3 4 5 6 7 8 |  8.7
Dodging        | 3 4 5 6 7 8 9 10 | 10.7

Action                   |  1- 3 |  4- 6 |  7- 9 | 10-12 | 13-15 || total
-------------------------+-------+-------+-------+-------+-------++-------
Melee: Hand axe          |    98 |   126 |       |     3 |       ||   227
       Headbutt          |    13 |    10 |    25 |    94 |    39 ||   181
       Punch             |       |     1 |       |       |       ||     1
       Battleaxe         |       |       |   185 |   364 |   185 ||   734
       Unarmed           |       |       |       |     1 |       ||     1
Invok: Trog's Hand       |       |     1 |     1 |       |     1 ||     3
       Berserk           |       |     2 |       |     7 |     3 ||    12
       Brothers in Arms  |       |       |       |       |     2 ||     2
Evoke: Wand              |       |       |       |       |     4 ||     4
  Use: Scroll            |       |       |       |    13 |    11 ||    24
 Stab: Sleeping          |     3 |     2 |     2 |       |     1 ||     8
       Paralysed         |       |       |       |     1 |       ||     1
Armor: Animal skin       |    12 |    12 |    11 |       |       ||    35
       Scale mail        |       |       |   132 |   224 |   133 ||   489
Dodge: Dodged            |    71 |    60 |   144 |   257 |   118 ||   650
